AoeStats
← Grant B 1993

Black Forest

506510900Analyzed
1v1 RM · 18d ago on Sep 13, 2026· 36m 16s· 2 players
Game mode
Random Map
Map size
Tiny (2 player)
Population
200
Speed
Normal
Resources
Standard
Victory
Conquest
Starting age
Dark Age
Ending age
Imperial Age
RankedLock teamsTeams togetherTeam positionsShared explorationLock speedFull tech treeHidden civsTurbo modeCheats
Victory
Defeat
🇺🇸 Sicilians · United States
832
+16
🇨🇱 Muisca · Chile
824
-16
Madbarnus
0:49 Loom
13:45 Feudal Age
21:07 Castle Age
19:47 Double-Bit Axe
19:51 Champi Runner
21:20 Champi Warrior
23:34 Horse Collar
26:27 Heavy Plow
27:25 Wheelbarrow
28:45 Forging
28:36 Scale Mail Armor
29:29 Bow Saw
32:55 Chain Mail Armor
Grant B 1993
11:30 Feudal Age
17:03 Horse Collar
19:36 Double-Bit Axe
19:44 Stone Mining
23:33 Fletching
23:57 Forging
23:49 Scale Mail Armor
26:16 Castle Age
24:26 Gold Mining
32:26 Iron Casting
33:46 Chain Mail Armor
33:47 Squires
33:33 Arson
Connection lost

Rejoining the realm…

Still unreachable

The connection could not be restored.

Session expired

The server has moved on; the page needs a fresh start.